 Dungeon Crawl Stone Soup version 0.28-b1-1-g3c77fb2ed1 (webtiles) character file.

Game seed: 9629389861015294010

323 belegose the Magician (level 6, -1/32 HPs)
             Began as a Deep Elf Fire Elementalist on Jan 31, 2022.
             Slain by a black bear (8 damage)
             ... on level 4 of the Dungeon.
             The game lasted 00:09:48 (4242 turns).

belegose the Magician (Deep Elf Fire Elementalist)  Turns: 4242, Time: 00:09:49

Health: -1/32      AC:  2    Str:  7    XL:     6   Next: 23%
Magic:  9/15       EV: 13    Int: 20    God:
Gold:   101        SH:  0    Dex: 15    Spells: 10/14 levels left

rFire   . . .      SeeInvis .   a - +0 dagger (venom)
rCold   . . .      Faith    .   (no shield)
rNeg    . . .      Spirit   .   n - +0 robe
rPois   .          Reflect  .   (no helmet)
rElec   .          Harm     .   (no cloak)
rCorr   .          Rampage  .   (no gloves)
Will    .....                   (no boots)
Stlth   +++.......              (no amulet)
HPRegen 0.10/turn               (no ring)
MPRegen 0.14/turn               (no ring)

@: no status effects
A: no striking features
a: no special abilities


You were on level 4 of the Dungeon.
You visited 1 branch of the dungeon, and saw 4 of its levels.

You collected 101 gold pieces.

Inventory:

Hand Weapons
 a - a +0 dagger of venom (weapon)
 b - a +0 rapier
 p - a +2 dagger of draining
Missiles
 f - 163 stones
Armour
 n - a +0 robe (worn)
Wands
 q - a wand of charming (3)
 r - a wand of acid (5)
Scrolls
 h - 3 scrolls of identify {unknown}
 k - 3 scrolls of enchant armour {unknown}
 l - 2 scrolls of teleportation {unknown}
Potions
 c - 2 potions of curing {unknown}
 d - 2 potions of cancellation {unknown}
 e - a potion of lignification {unknown}
 g - a potion of ambrosia {unknown}
 i - 3 potions of berserk rage {unknown}
 j - a potion of brilliance {unknown}
 m - 4 potions of haste {unknown}
 o - a potion of heal wounds {unknown}


   Skills:
 + Level 4.1 Dodging
 + Level 4.3 Stealth
 + Level 4.7 Spellcasting
 + Level 3.1 Conjurations
 + Level 4.5 Fire Magic


You had 10 spell levels left.
You knew the following spells:

 Your Spells              Type           Power      Damage    Failure   Level
a - Foxfire               Conj/Fire      80%        2x1d8     2%          1
b - Summon Guardian Gole  Hex/Summ       4%         N/A       34%         3

Your spell library contained the following spells:

 Spells                   Type           Power      Damage    Failure   Level
 Scorch                   Fire           46%        2d7       2%          2
 Conjure Flame            Conj/Fire      20%        6-21      8%          3
 Animate Skeleton         Necr           8%         N/A       12%         1
 Pain                     Necr           16%        1d4       12%         1
 Summon Small Mammal      Summ           16%        N/A       12%         1
 Inner Flame              Hex/Fire       13%        N/A       14%         3
 Dazzling Flash           Conj/Hex       20%        N/A       19%         3
 Flame Wave               Conj/Fire      20%        2d7       24%         4
 Call Canine Familiar     Summ           4%         N/A       34%         3
 Vampiric Draining        Necr           4%         2d6       34%         3
 Iskenderun's Mystic Bla  Conj/Tloc      10%        2d4       54%         4
 Summon Forest            Summ/Tloc      2%         N/A       97%         5
 Starburst                Conj/Fire      10%        6d5       98%         6
 Eringya's Noxious Bog    Tmut/Pois      2%         N/A       100%        6
 Summon Hydra             Summ           2%         N/A       100%        7


Dungeon Overview and Level Annotations

Branches:
Dungeon (4/15)
 Temple: D:4-7

Altars:
Makhleb
Ru
Zin


Message History

The black bear is moderately wounded.
The foxfire hits the black bear.
The black bear is heavily wounded.
Casting: Foxfire (safe; 2% risk of failure)
Confirm with . or Enter, or press ? or * to list all spells.
You conjure some foxfire!
Casting: Foxfire (safe; 2% risk of failure)
Confirm with . or Enter, or press ? or * to list all spells.
You conjure some foxfire!
The foxfire hits the black bear.
The black bear is severely wounded.
The foxfire hits the black bear but does no damage.
The black bear is severely wounded.
Your foxfire dissipates!
The foxfire hits the black bear.
The black bear is severely wounded.
The black bear goes berserk!
Casting: Foxfire (safe; 2% risk of failure)
Confirm with . or Enter, or press ? or * to list all spells.
You conjure some foxfire!
Your foxfire dissipates!
The foxfire hits the black bear.
The black bear is severely wounded.
The black bear bites you. The black bear claws you. x2
Casting: Foxfire (safe; 2% risk of failure)
Confirm with . or Enter, or press ? or * to list all spells.
You conjure some foxfire!
The black bear bites you. The black bear claws you.
The black bear closely misses you. The black bear bites you!
* * * LOW HITPOINT WARNING * * *
The black bear barely misses you. The black bear claws you.
* * * LOW HITPOINT WARNING * * *
Your foxfire dissipates!
The foxfire hits the black bear.
The black bear is almost dead.
Aiming: Corrosive Bolt
Press: ? - help, Shift-Dir - straight line, f - black bear
Aim: a black bear (almost dead, berserk, 79% to hit)
The bolt of acid misses the black bear.
The black bear barely misses you. The black bear misses you.
The black bear barely misses you. The black bear bites you!
You die...

#..... .......##........
#..... #.... ...........
#....##..##............
#.#........##........†
#.#......#....§.......
#......####.....†.....
..##.....##....>........
.......h................
.......@...#.........<..
........#####...........
.........#..............
.#.....................)
#..#...................
#..#....#.....#.....##.
## .....##....#........
............#..#.....
........#####....


You could see a black bear (berserk).

Vanquished Creatures
  2 scorpions (D:4)
  2 orc wizards
  A hound skeleton (D:4)
  A howler monkey skeleton (D:4)
  6 adders
  A worm (D:3)
  A dart slug (D:3)
  7 orcs
  9 bats
  4 endoplasms
  A giant cockroach (D:3)
  8 goblins
  5 hobgoblins
  3 jackals (D:3)
  3 quokkas
  2 ball pythons (D:2)
  2 frilled lizards (D:1)
  3 kobolds
  13 rats
74 creatures vanquished.

Vanquished Creatures (collateral kills)
  A foxfire (D:1)
1 creature vanquished.

Vanquished Creatures (others)
  155 foxfires
  4 fungi (D:1)
159 creatures vanquished.

Grand Total: 234 creatures vanquished

Notes
Turn   | Place    | Note
-------+----------+-------------------------------------------
     0 | D:1      | belegose the Deep Elf Fire Elementalist began the quest for
                  | the Orb.
     0 | D:1      | Reached XP level 1. HP: 10/10 MP: 6/6
     0 | D:1      | Noticed an ogre
     1 | D:1      | Noticed a demonspawn
     2 | D:1      | Noticed a felid
     4 | D:1      | Noticed a merfolk
     6 | D:1      | Noticed a troll
     7 | D:1      | Noticed a felid
     8 | D:1      | Noticed a barachi
    13 | D:1      | Noticed a gargoyle
    15 | D:1      | Noticed a vampire
    15 | D:1      | Noticed a gargoyle
    15 | D:1      | Noticed a felid
    17 | D:1      | Noticed a tengu
    17 | D:1      | Noticed a draconian
    17 | D:1      | Noticed a draconian
    21 | D:1      | Noticed a merfolk
   228 | D:1      | Reached XP level 2. HP: 15/15 MP: 6/8
   698 | D:1      | Found a faded altar of an unknown god.
  1452 | D:2      | Reached XP level 3. HP: 18/19 MP: 6/9
  1503 | D:2      | Found a sacrificial altar of Ru.
  2501 | D:3      | Reached XP level 4. HP: 24/24 MP: 3/11
  3695 | D:4      | Noticed a black bear
  3709 | D:4      | Reached XP level 5. HP: 28/28 MP: 6/13
  3762 | D:4      | Learned a level 3 spell: Summon Guardian Golem
  3864 | D:4      | Found a burning altar of Makhleb.
  3866 | D:4      | Found a glowing silver altar of Zin.
  3866 | D:4      | Noticed an angel
  3867 | D:4      | Noticed a balrug
  3996 | D:4      | Reached XP level 6. HP: 30/32 MP: 6/15
  4242 | D:4      | Slain by a black bear

Illustrated notes

Levels and vault maps discovered:
D:1:      shiori_arrival_whats_in_store_for_you, layout_basic,
          shapermc_ecumenical_altar_ellora, supply_closet_lemuel
D:2:      layout_loops_ring, basic_altar
D:3:      layout_basic
D:4:      layout_cave_pools, grunt_temple_overflow_order_and_chaos_2,
          kennysheep_generic_room_9

Skill      XL: |  1  2  3  4  5 |
---------------+----------------+-----
Stealth        | 3 4 |  4.3
Dodging        | 3 4 |  4.1
Conjurations   | 2 3 |  3.1
Spellcasting   | 4 |  4.7
Fire Magic     | 4 |  4.5

Action                   |  1- 3 |  4- 6 || total
-------------------------+-------+-------++-------
Melee: Spear             |    68 |       ||    68
       Rapier            |     8 |       ||     8
       Punch             |     1 |     2 ||     3
       Dagger            |       |    45 ||    45
 Cast: Foxfire           |    34 |    60 ||    94
Evoke: Wand              |       |     1 ||     1
 Stab: Sleeping          |     5 |     3 ||     8
Armor: Robe              |    19 |     9 ||    28
Dodge: Dodged            |    58 |    38 ||    96
